 Dungeon Crawl Stone Soup version 0.26-a0-651-gb41185065b (webtiles) character file.

Game seed: 281493669693732490

42 Azzok the Insei (level 3, -5/26 HPs)
             Began as a Demonspawn Transmuter on Oct 29, 2020.
             Slain by Sigmund
             ... wielding a +0 scythe
              (11 damage)
             ... on level 3 of the Dungeon.
             The game lasted 00:01:48 (2043 turns).

Azzok the Insei (Demonspawn Transmuter)             Turns: 2043, Time: 00:01:49

Health: -5/26      AC:  2    Str: 10    XL:     3   Next: 35%
Magic:  6/6        EV:  7    Int: 15    God:
Gold:   40         SH:  0    Dex: 13    Spells: 5/6 levels left

rFire    . . .     SeeInvis .     - Unarmed
rCold    . . .     Faith    .   i - +0 tower shield
rNeg     . . .     Spirit   .   a - +0 robe
rPois    .         Reflect  .   (no helmet)
rElec    .         Harm     .   (no cloak)
rCorr    .         Rampage  .   (no gloves)
MR       .....                  (no boots)
Stlth    +.........             (no amulet)
HPRegen  0.08/turn              (no ring)
MPRegen  0.10/turn              (no ring)

@: confused
A: claws 2
a: no special abilities


You were on level 3 of the Dungeon.
You visited 1 branch of the dungeon, and saw 3 of its levels.

You collected 40 gold pieces.

Inventory:

Armour
 a - a +0 robe (worn)
 i - a +0 tower shield (worn)
Jewellery
 j - a +6 ring of strength {unknown}
Scrolls
 b - a scroll of identify {unknown}
 c - a scroll of fog {unknown}
 e - 4 scrolls of remove curse {unknown}
 f - a scroll of immolation {unknown}
 g - 3 scrolls of teleportation {unknown}
 l - a scroll of magic mapping {unknown}
Potions
 d - a potion of magic {unknown}
 h - 3 potions of curing {unknown}
 k - a potion of stabbing {unknown}
 m - a potion of cancellation {unknown}


   Skills:
 + Level 1.3 Fighting
 - Level 1.7 Dodging
 + Level 0.7 Shields
 + Level 3.2 Unarmed Combat
 - Level 2.0 Spellcasting
 + Level 2.5 Transmutations


You had 5 spell levels left.
You knew the following spells:

 Your Spells              Type           Power        Failure   Level
a - Beastly Appendage     Tmut           #.....       88%         1

Your spell library contained the following spells:

 Spells                   Type           Power        Failure   Level
 Wereblood                Tmut           #.......     95%         2
 Spider Form              Tmut/Pois      #.........   100%        3
 Ice Form                 Ice/Tmut       #.......     100%        4
 Blade Hands              Tmut           #.........   100%        5


Dungeon Overview and Level Annotations

Branches:
Dungeon (3/15)

Altars:

Annotations:
D:3 Sigmund


Innate Abilities, Weirdness & Mutations

You have very sharp fingernails.


Message History

Ouch! That really hurt!
* * * LOW HITPOINT WARNING * * *
You scratch Sigmund but do no damage. You scratch Sigmund.
Sigmund is lightly wounded.
Sigmund misses you.
You claw Sigmund!
Sigmund is heavily wounded.
You block Sigmund's attack.
You scratch Sigmund.
Sigmund is severely wounded.
You block Sigmund's attack.
You closely miss Sigmund.
Sigmund is severely wounded.
You claw Sigmund!
Sigmund is almost dead.
Sigmund gestures at you while chanting.
You are confused.
Sigmund hits you from afar with a +0 scythe!
You die...

▒▒▒ ▒▒ ▒ ▒·· ··
·▒ ▒·▒ ·▒▒··▒ ▒
▒·▒▒$···>▒
▒▒▒·▒▒▒·▒·······
·······@▒····!··
·▒▒·▒▒·<·@······
▒·····▒·······
▒··▒··▒·······
▒·············
···▒▒▒·········
▒?▒ ▒·▒·▒▒▒▒··
·· ▒···· · ····▒


You could see Sigmund.

Vanquished Creatures
  An adder (D:2)
  A dart slug (D:1)
  2 leopard geckos
  A giant cockroach (D:1)
  5 goblins (D:1)
  2 hobgoblins
  4 jackals (D:2)
  A quokka (D:2)
  2 bats
  5 frilled lizards
  2 kobolds (D:1)
  3 rats
29 creatures vanquished.

Notes
Turn   | Place    | Note
-------+----------+-------------------------------------------
     0 | D:1      | Azzok the Demonspawn Transmuter began the quest for the
                  | Orb.
     0 | D:1      | Reached XP level 1. HP: 15/15 MP: 3/3
   270 | D:1      | Reached skill level 3 in Unarmed Combat
   277 | D:1      | Gained mutation: You have sharp fingernails. [demonic
                  | ancestry]
   277 | D:1      | Reached XP level 2. HP: 6/21 MP: 5/5
  1201 | D:2      | Gained mutation: You have very sharp fingernails. [demonic
                  | ancestry]
  1201 | D:2      | Reached XP level 3. HP: 13/26 MP: 6/6
  1749 | D:3      | Noticed Sigmund
  2043 | D:3      | Slain by Sigmund

Illustrated notes

Levels and vault maps discovered:
D:1:      dpeg_arrival_line_fractal, layout_loops_ring
D:2:      lemuel_upstairs_altar, layout_basic
D:3:      minmay_spotlight, layout_loops_cross, zin_purify,
          minmay_fractal_squares_5, uniq_sigmund, uniq_grinder

Skill      XL: |  1 |
---------------+----+-----
Transmutations | 2 |  2.5
Unarmed Combat | 3 |  3.2
Fighting       | |  1.3
Dodging        | |  1.7
Shields        | |  0.7
Spellcasting   | |  2.0

Action                   || total
-------------------------++-------
Melee: Unarmed           ||   106
 Stab: Sleeping          ||     2
Armor: Robe              ||    17
Dodge: Dodged            ||    39
Block: Tower shield      ||    37

Table legend: (Time is in decaauts)
 A = Elapsed time spent in this place.
 B = Non-inter-level travel time spent in this place.
 C = Inter-level travel time spent in this place.
 D = Time resting spent in this place.
 E = Time spent auto-exploring this place.
 F = Levels seen in this place.
 G = Mean time per level.
                   A        B        C        D        E       F      G
               +--------+--------+--------+--------+--------+-----+--------+
         Total |   2050 |   1925 |    125 |    333 |   1312 |   3 |  683.3 |
       Dungeon |   2050 |   1925 |    125 |    333 |   1312 |   3 |  683.3 |
               +--------+--------+--------+--------+--------+-----+--------+

Top non-repeatable levels by time:
     D:2: 1123 daAuts
     D:1: 908 daAuts
     D:3: 19 daAuts
